| TOP OF THE 1ST |
|
Johnson City Cardinals batting - Pitching for Kingsport Mets : RHP Gabe Kelso
|
|
Pitching: RHP Gabe Kelso
|
|
|
Batting: RHB Mario Mendoza
|
0-0: Foul Ball, location: 2F 0-1: Ball 1-1: Fly out, F7 (Flyball, 7LM, EV 98.1 MPH)
|
|
Batting: RHB Chris Norris
|
0-0: Ball 1-0: Swinging Strike 1-1: Foul Ball, location: 2F 1-2: Ball 2-2: Fly out, F8 (Flyball, 8RS, EV 78.1 MPH)
|
|
Batting: LHB Billy Guzman
|
0-0: Ball 1-0: Called Strike 1-1: Fly out, F6 (Popup, 6, EV 56.3 MPH)
|
| Top of the 1st over - 0 runs, 0 hits, 0 errors, 0 left on base; Johnson City 0 - Kingsport 0 |
| BOTTOM OF THE 1ST |
|
Kingsport Mets batting - Pitching for Johnson City Cardinals : RHP Jorge Aguilar
|
|
Pitching: RHP Jorge Aguilar
|
|
|
Batting: RHB John Jones
|
0-0: Bunted foul 0-1: Foul Ball, location: 2F 0-2: Strikes out swinging
|
|
Batting: RHB Josh Jones
|
0-0: Ball 1-0: Ball 2-0: Swinging Strike 2-1: Foul Ball, location: 2F 2-2: Ball 3-2: Strikes out swinging
|
|
Batting: RHB Steve Page
|
0-0: Ground out 6-3 (Groundball, 6, EV 86.3 MPH)
|
| Bottom of the 1st over - 0 runs, 0 hits, 0 errors, 0 left on base; Johnson City 0 - Kingsport 0 |
| TOP OF THE 2ND |
|
Johnson City Cardinals batting - Pitching for Kingsport Mets : RHP Gabe Kelso
|
|
Batting: RHB Pat Scaturro
|
0-0: Ball 1-0: Called Strike 1-1: Fly out, F6 (Line Drive, 6, EV 73.1 MPH)
|
|
Batting: RHB Josh Broome
|
0-0: Ground out 4-3 (Groundball, 4, EV 86.9 MPH)
|
|
Batting: SHB Jason Kirby
|
0-0: Foul Ball, location: 2F 0-1: Swinging Strike 0-2: Strikes out swinging
|
| Top of the 2nd over - 0 runs, 0 hits, 0 errors, 0 left on base; Johnson City 0 - Kingsport 0 |
| BOTTOM OF THE 2ND |
|
Kingsport Mets batting - Pitching for Johnson City Cardinals : RHP Jorge Aguilar
|
|
Batting: SHB Jason Evans
|
0-0: Ball 1-0: Foul Ball, location: 2F 1-1: Ball 2-1: Ball 3-1: Ground out U3 (Groundball, 3S, EV 73.1 MPH)
|
|
Batting: SHB Callum Lynch
|
0-0: Foul Ball, location: 2F 0-1: Swinging Strike 0-2: Hit by Pitch
|
|
Batting: RHB Dan House
|
0-0: Ball 1-0: Ball 2-0: Foul Ball, location: 2F 2-1: Grounds into double play, 6-4-3 (Groundball, 6S, EV 90.6 MPH)
|
| Bottom of the 2nd over - 0 runs, 0 hits, 0 errors, 0 left on base; Johnson City 0 - Kingsport 0 |
| TOP OF THE 3RD |
|
Johnson City Cardinals batting - Pitching for Kingsport Mets : RHP Gabe Kelso
|
|
Batting: RHB Fortunato Fteira
|
0-0: Called Strike 0-1: Ball 1-1: Called Strike 1-2: Ball 2-2: Ball 3-2: Base on Balls
|
|
Batting: RHB Vic Nelson
|
0-0: Called Strike Fortunato Fteira steals 2nd base (no throw) 0-1: Ball 1-1: Ball 2-1: Foul Ball, location: 2F 2-2: Foul Ball, location: 2F 2-2: Fly out, F4 (Flyball, 34D, EV 88.1 MPH)
|
|
Batting: RHB David Klein
|
0-0: Called Strike 0-1: Ball 1-1: Swinging Strike 1-2: Foul Ball, location: 2F 1-2: Strikes out looking
|
|
Batting: RHB Mario Mendoza
|
0-0: Ball 1-0: Called Strike 1-1: Ball 2-1: Ball 3-1: Called Strike 3-2: DOUBLE (Flyball, 89D, EV 94.4 MPH) Fortunato Fteira scores
|
|
Batting: RHB Chris Norris
|
0-0: Ball 1-0: SINGLE (Groundball, 34D, EV 103.8 MPH) Mario Mendoza to third Runner from 3rd tries for Home, SAFE, throw by RF to home
|
|
Batting: LHB Billy Guzman
|
0-0: Ball Chris Norris steals 2nd base 1-0: Fly out, F8 (Flyball, 8RS, EV 92.5 MPH)
|
| Top of the 3rd over - 2 runs, 2 hits, 0 errors, 1 left on base; Johnson City 2 - Kingsport 0 |
| BOTTOM OF THE 3RD |
|
Kingsport Mets batting - Pitching for Johnson City Cardinals : RHP Jorge Aguilar
|
|
Batting: RHB Danny Runberg
|
0-0: Ball 1-0: Foul Ball, location: 2F 1-1: SINGLE (Groundball, 6D, EV 103.1 MPH)
|
|
Batting: SHB Alex Marcial
|
0-0: Ball 1-0: Foul Ball, location: 2F 1-1: Foul Ball, location: 2F 1-2: Ball 2-2: Foul Ball, location: 2F 2-2: Foul Ball, location: 2F 2-2: Ball 3-2: Foul Ball, location: 2F 3-2: Strikes out swinging
|
|
Batting: RHB Jack Nickleberry
|
0-0: Foul Ball, location: 2F 0-1: Swinging Strike 0-2: Strikes out looking
|
|
Batting: RHB John Jones
|
0-0: Foul Ball, location: 2F 0-1: Ball 1-1: Ball 2-1: Ball 3-1: Called Strike 3-2: DOUBLE (Line Drive, 7LS, EV 90.6 MPH) Danny Runberg to third Danny Runberg scores
|
|
Batting: RHB Josh Jones
|
0-0: Ball 1-0: Fly out, F9 (Flyball, 89M, EV 88.1 MPH)
|
| Bottom of the 3rd over - 1 run, 2 hits, 0 errors, 1 left on base; Johnson City 2 - Kingsport 1 |
| TOP OF THE 4TH |
|
Johnson City Cardinals batting - Pitching for Kingsport Mets : RHP Gabe Kelso
|
|
Batting: RHB Pat Scaturro
|
0-0: Ball 1-0: Ball 2-0: SINGLE (Groundball, 6M, EV 105.6 MPH) (infield hit)
|
|
Batting: RHB Josh Broome
|
0-0: SINGLE (Groundball, 4D, EV 96.3 MPH) Pat Scaturro to second Runner from 2nd tries for 3rd, SAFE, throw by CF made to third
|
|
Batting: SHB Jason Kirby
|
0-0: Ball 1-0: Called Strike 1-1: Foul Ball, location: 2F 1-2: Ball 2-2: SINGLE (Groundball, 6MD, EV 98.8 MPH) Pat Scaturro scores Josh Broome to second
|
|
Batting: RHB Fortunato Fteira
|
0-0: Ball 1-0: Ball 2-0: Called Strike 2-1: Grounds into double play, 6-4-3 (Groundball, 6, EV 103.1 MPH) Josh Broome to third
|
|
Batting: RHB Vic Nelson
|
0-0: Called Strike 0-1: Ball 1-1: Ground out 6-3 (Groundball, 6, EV 81.3 MPH)
|
| Top of the 4th over - 1 run, 3 hits, 0 errors, 1 left on base; Johnson City 3 - Kingsport 1 |
| BOTTOM OF THE 4TH |
|
Kingsport Mets batting - Pitching for Johnson City Cardinals : RHP Jorge Aguilar
|
|
Batting: RHB Steve Page
|
0-0: Foul Ball, location: 2F 0-1: DOUBLE (Line Drive, 78D, EV 98.1 MPH)
|
|
Batting: SHB Jason Evans
|
0-0: Called Strike 0-1: Foul Ball, location: 2F 0-2: Ball 1-2: Ball 2-2: Ball 3-2: Base on Balls
|
|
Batting: SHB Callum Lynch
|
0-0: Foul Ball, location: 2F 0-1: Foul Ball, location: 2F 0-2: Ball 1-2: Ball 2-2: Strikes out swinging
|
|
Batting: RHB Dan House
|
0-0: Ball 1-0: Ball Passed Ball! Steve Page to third Jason Evans to second 2-0: Fly out, F4 (Popup, 4M, EV 73.8 MPH)
|
|
Batting: RHB Danny Runberg
|
0-0: Called Strike 0-1: Ball 1-1: Swinging Strike 1-2: Foul Ball, location: 2F 1-2: TRIPLE (Flyball, 89XD, EV 111.9 MPH) Steve Page scores Jason Evans scores
|
|
Batting: SHB Alex Marcial
|
0-0: Swinging Strike 0-1: Called Strike 0-2: Strikes out swinging
|
| Bottom of the 4th over - 2 runs, 2 hits, 0 errors, 1 left on base; Johnson City 3 - Kingsport 3 |
| TOP OF THE 5TH |
|
Johnson City Cardinals batting - Pitching for Kingsport Mets : RHP Gabe Kelso
|
|
Batting: RHB David Klein
|
0-0: Called Strike 0-1: Foul Ball, location: 2F 0-2: Foul Ball, location: 2F 0-2: Ball 1-2: Ground out 4-3 (Groundball, 4M, EV 104.4 MPH)
|
|
Batting: RHB Mario Mendoza
|
0-0: Ball 1-0: Ball 2-0: Ball 3-0: Base on Balls
|
|
Batting: RHB Chris Norris
|
0-0: Ball Mario Mendoza steals 2nd base 1-0: Ball Mario Mendoza steals 3rd base 2-0: DOUBLE (Flyball, 89D, EV 108.1 MPH) Mario Mendoza scores
|
|
Batting: LHB Billy Guzman
|
0-0: Foul Ball, location: 2F 0-1: Swinging Strike 0-2: Ball 1-2: Hit by Pitch
|
|
Batting: RHB Pat Scaturro
|
0-0: Ball 1-0: Fly out, F8 (Line Drive, 8RD, EV 105.6 MPH)
|
|
Batting: RHB Josh Broome
|
0-0: Ball 1-0: Called Strike 1-1: Ball 2-1: Ball 3-1: Base on Balls Chris Norris to third Billy Guzman to second
|
|
Batting: SHB Jason Kirby
|
0-0: Ball 1-0: Called Strike 1-1: DOUBLE (Flyball, 78D, EV 103.8 MPH) Chris Norris scores Billy Guzman scores Josh Broome to third Runner from 3rd tries for Home, SAFE, no throw by CF
|
|
Pitching: RHP Thomas Clark
|
|
|
Batting: RHB Fortunato Fteira
|
0-0: Foul Ball, location: 2F 0-1: Ball 1-1: Ball 2-1: SINGLE (Flyball, 9S, EV 88.1 MPH) Jason Kirby to third Runner from 3rd tries for Home, SAFE, throw by RF to home
|
|
Batting: RHB Vic Nelson
|
0-0: Called Strike Fortunato Fteira is caught stealing 2nd base 2-4
|
| Top of the 5th over - 5 runs, 3 hits, 0 errors, 0 left on base; Johnson City 8 - Kingsport 3 |
| BOTTOM OF THE 5TH |
|
Kingsport Mets batting - Pitching for Johnson City Cardinals : RHP Jorge Aguilar
|
|
Batting: RHB Jack Nickleberry
|
0-0: Ball 1-0: Called Strike 1-1: Foul Ball, location: 2F 1-2: Strikes out looking
|
|
Batting: RHB John Jones
|
0-0: Ball 1-0: Swinging Strike 1-1: Ball 2-1: Swinging Strike 2-2: Foul Ball, location: 2F 2-2: Ball 3-2: Foul Ball, location: 2F 3-2: Strikes out swinging
|
|
Batting: RHB Josh Jones
|
0-0: Ball 1-0: Foul Ball, location: 2F 1-1: SINGLE (Line Drive, 8RS, EV 98.1 MPH)
|
|
Pitching: LHP Brian Rhyne
|
|
|
Batting: RHB Steve Page
|
0-0: Called Strike Josh Jones is caught stealing 2nd base 2-4
|
| Bottom of the 5th over - 0 runs, 1 hit, 0 errors, 0 left on base; Johnson City 8 - Kingsport 3 |
| TOP OF THE 6TH |
|
Johnson City Cardinals batting - Pitching for Kingsport Mets : RHP Thomas Clark
|
|
Batting: RHB Vic Nelson
|
0-0: Ball 1-0: Fly out, F7 (Flyball, 78S, EV 94.4 MPH)
|
|
Batting: RHB David Klein
|
0-0: Reached via error on a dropped throw from 1B, E1 (Groundball, 34, EV 86.3 MPH)
|
|
Batting: RHB Mario Mendoza
|
0-0: Called Strike David Klein steals 2nd base 0-1: Ball 1-1: Foul Ball, location: 2F 1-2: Ball Wild Pitch! David Klein to third 2-2: Strikes out swinging
|
|
Batting: RHB Chris Norris
|
0-0: SINGLE (Groundball, 34D, EV 95.0 MPH) David Klein scores
|
|
Batting: LHB Billy Guzman
|
0-0: Ball 1-0: Foul Ball, location: 2F 1-1: Ball 2-1: Foul Ball, location: 2F 2-2: Ball 3-2: Base on Balls Chris Norris to second
|
|
Batting: RHB Pat Scaturro
|
0-0: Ball 1-0: Called Strike 1-1: Called Strike 1-2: Fielders Choice at 2nd, 6-4 (Groundball, 6, EV 91.9 MPH)
|
| Top of the 6th over - 1 run, 1 hit, 1 error, 2 left on base; Johnson City 9 - Kingsport 3 |
| BOTTOM OF THE 6TH |
|
Kingsport Mets batting - Pitching for Johnson City Cardinals : LHP Brian Rhyne
|
|
Batting: RHB Steve Page
|
0-0: Fly out, F6 (Popup, 6MD, EV 67.5 MPH)
|
|
Batting: SHB Jason Evans
|
0-0: Swinging Strike 0-1: Foul Ball, location: 2F 0-2: Strikes out swinging
|
|
Batting: SHB Callum Lynch
|
0-0: Ball 1-0: Foul Ball, location: 2F 1-1: Foul Ball, location: 2F 1-2: Ball 2-2: Strikes out swinging
|
| Bottom of the 6th over - 0 runs, 0 hits, 0 errors, 0 left on base; Johnson City 9 - Kingsport 3 |
| TOP OF THE 7TH |
|
Johnson City Cardinals batting - Pitching for Kingsport Mets : RHP Thomas Clark
|
|
Pitching: RHP Danny Helm
|
|
|
Batting: RHB Josh Broome
|
0-0: Called Strike 0-1: Ball 1-1: Ball 2-1: Ball 3-1: Foul Ball, location: 2F 3-2: Foul Ball, location: 2F 3-2: Foul Ball, location: 2F 3-2: Foul Ball, location: 2F 3-2: Base on Balls
|
|
Batting: SHB Jason Kirby
|
0-0: Ball 1-0: Called Strike 1-1: Called Strike Josh Broome steals 2nd base 1-2: Strikes out swinging
|
|
Batting: RHB Fortunato Fteira
|
0-0: Foul Ball, location: 2F 0-1: Ball 1-1: Swinging Strike 1-2: Ball 2-2: Ball 3-2: Strikes out looking
|
|
Batting: RHB Vic Nelson
|
0-0: Ball 1-0: Ground out 5-3 (Groundball, 56S, EV 92.5 MPH)
|
| Top of the 7th over - 0 runs, 0 hits, 0 errors, 1 left on base; Johnson City 9 - Kingsport 3 |
| BOTTOM OF THE 7TH |
|
Kingsport Mets batting - Pitching for Johnson City Cardinals : LHP Brian Rhyne
|
|
Batting: RHB Dan House
|
0-0: Swinging Strike 0-1: Swinging Strike 0-2: Ball 1-2: Foul Ball, location: 2F 1-2: Strikes out swinging
|
|
Batting: RHB Danny Runberg
|
0-0: Fly out, F9 (Flyball, 9S, EV 82.5 MPH)
|
|
Batting: SHB Alex Marcial
|
0-0: Called Strike 0-1: Swinging Strike 0-2: Ball 1-2: Foul Ball, location: 2F 1-2: Strikes out swinging
|
| Bottom of the 7th over - 0 runs, 0 hits, 0 errors, 0 left on base; Johnson City 9 - Kingsport 3 |
| TOP OF THE 8TH |
|
Johnson City Cardinals batting - Pitching for Kingsport Mets : RHP Danny Helm
|
|
Batting: RHB David Klein
|
0-0: Ground out 5-3 (Groundball, 5L, EV 109.4 MPH)
|
|
Batting: RHB Mario Mendoza
|
0-0: Foul Ball, location: 2F 0-1: Swinging Strike 0-2: Foul Ball, location: 2F 0-2: Foul Ball, location: 2F 0-2: Ball 1-2: Foul Ball, location: 2F 1-2: SINGLE (Groundball, 56D, EV 94.4 MPH)
|
|
Pitching: LHP Mike Mathews
|
|
|
Batting: RHB Chris Norris
|
0-0: Ball 1-0: Ball 2-0: Ball 3-0: Called Strike 3-1: Fielders Choice at 2nd, 6-4 (Groundball, 6, EV 105.0 MPH)
|
|
Batting: LHB Billy Guzman
|
0-0: Called Strike 0-1: Swinging Strike 0-2: Strikes out swinging
|
| Top of the 8th over - 0 runs, 1 hit, 0 errors, 1 left on base; Johnson City 9 - Kingsport 3 |
| BOTTOM OF THE 8TH |
|
Kingsport Mets batting - Pitching for Johnson City Cardinals : LHP Brian Rhyne
|
|
Batting: RHB Jack Nickleberry
|
0-0: SINGLE (Line Drive, 56, EV 99.4 MPH)
|
|
Batting: RHB John Jones
|
0-0: Ball 1-0: Ball 2-0: Ball 3-0: Base on Balls Jack Nickleberry to second
|
|
Batting: RHB Josh Jones
|
0-0: Ball 1-0: Foul Ball, location: 2F 1-1: Ball 2-1: SINGLE (Flyball, 4D, EV 84.4 MPH) Jack Nickleberry to third John Jones to second
|
|
Pitching: RHP Andrew Ray
|
|
|
Batting: RHB Steve Page
|
0-0: Called Strike 0-1: Ball Wild Pitch! Jack Nickleberry scores John Jones to third Josh Jones to second 1-1: Ball 2-1: Called Strike 2-2: Strikes out swinging
|
|
Batting: SHB Jason Evans
|
0-0: Swinging Strike 0-1: Called Strike 0-2: Strikes out swinging
|
|
Batting: SHB Callum Lynch
|
0-0: Ball 1-0: Called Strike 1-1: Ball 2-1: Foul Ball, location: 2F 2-2: Foul Ball, location: 2F 2-2: Strikes out swinging
|
| Bottom of the 8th over - 1 run, 2 hits, 0 errors, 2 left on base; Johnson City 9 - Kingsport 4 |
| TOP OF THE 9TH |
|
Johnson City Cardinals batting - Pitching for Kingsport Mets : LHP Mike Mathews
|
|
Batting: RHB Pat Scaturro
|
0-0: Ball 1-0: Ball 2-0: Ball 3-0: Base on Balls
|
|
Batting: RHB Josh Broome
|
0-0: Ball 1-0: Foul Ball, location: 2F 1-1: DOUBLE (Line Drive, 9LS, EV 110.6 MPH) Pat Scaturro to third Runner from 3rd tries for Home, SAFE, throw by RF to home
|
|
Batting: SHB Jason Kirby
|
0-0: Called Strike 0-1: Ball 1-1: Ground out 1-3 (Groundball, 15S, EV 72.5 MPH)
|
|
Batting: RHB Fortunato Fteira
|
0-0: Called Strike 0-1: Ball 1-1: Foul Ball, location: 2F 1-2: Foul Ball, location: 2F 1-2: Fly out, F8 (Flyball, 78D, EV 100.6 MPH)
|
|
Pitching: LHP Tony Diaz
|
|
|
Batting: RHB Vic Nelson
|
0-0: Ground out 6-3 (Groundball, 6S, EV 66.3 MPH)
|
| Top of the 9th over - 1 run, 1 hit, 0 errors, 1 left on base; Johnson City 10 - Kingsport 4 |
| BOTTOM OF THE 9TH |
|
Kingsport Mets batting - Pitching for Johnson City Cardinals : RHP Andrew Ray
|
|
Batting: RHB Dan House
|
0-0: Ground out 5-3 (Groundball, 5L, EV 85.0 MPH)
|
|
Batting: RHB Danny Runberg
|
0-0: Foul Ball, location: 2F 0-1: Ball 1-1: Swinging Strike 1-2: Strikes out swinging
|
|
Batting: SHB Alex Marcial
|
0-0: Ball 1-0: Fly out, F8 (Line Drive, 8LM, EV 109.4 MPH)
|
| Bottom of the 9th over - 0 runs, 0 hits, 0 errors, 0 left on base; Johnson City 10 - Kingsport 4 |
|